 Dungeon Crawl Stone Soup version 0.30.0 (webtiles) character file.

Game seed: 5034726277681944425

307124 Dani the Tortoise (level 20, -8/186 HPs)
             Began as an Armataur Hunter on May 16, 2023.
             Was a Priest of Okawaru.
             Mangled by an Executioner (9 damage)
             ... summoned by a dread lich
             ... while paralysed by a dread lich
             ... on level 8 of a ziggurat on May 17, 2023.
             The game lasted 02:14:46 (47721 turns).

Dani the Tortoise (Armataur Hunter)                Turns: 47721, Time: 02:14:47

Health: -8/186     AC: 30    Str: 13    XL:     20   Next: 32%
Magic:  32/33      EV:  1    Int: 19    God:    Okawaru [***...]
Gold:   451        SH:  0    Dex: 22    Spells: 19/19 levels left

rFire   + + .        a - +6 hand crossbow (flame)
rCold   + . .        C - +3 kite shield of the Dragonfruit {rElec}
rNeg    + + +        N - +0 swamp dragon scales
rPois   +            G - +1 helmet of Dogma {Int+3 Dex+3}
rElec   +            q - +0 cloak
rCorr   .            w - +1 pair of gloves
SInv    +            d - +4 barding {rC+}
Will    ++...        S - amulet of faith
Stlth   ++           E - ring of Qet Noil {Drain rF+ rN+++ SInv Stlth+}
HPRegen 0.51/turn    P - ring of Buext {rF+ Will+ Int-3 Slay+3 SInv}
MPRegen 0.23/turn

%: roll, faith
@: paralysed, mighty, about to teleport, finesse-ful
A: large, rugged brown scales 3, deformed body, armoured tail, roll, long
tongue, awkward tongue, clever 2, high MP 2, weak 1
}: 2/15 runes: decaying, serpentine
a: Renounce Religion, Heroism


You were on level 8 of a ziggurat.
You worshipped Okawaru.
Okawaru was most pleased with you.
You visited 8 branches of the dungeon, and saw 36 of its levels.
You visited 1 ziggurat, and saw 8 of its levels.
You also visited: Sewer and Gauntlet.

You collected 4198 gold pieces.
You spent 3747 gold pieces at shops.

Inventory:

Hand Weapons
 a - a +6 hand crossbow of flaming (weapon)
   (Okawaru gifted it to you on level 3 of the Snake Pit)
 l - the +8 shortbow of the Golden God {flame, rPois Str+7 Int-5}
   (You bought it in a shop on level 10 of the Dungeon)

   Str:       It affects your strength (+7).
   Int:       It affects your intelligence (-5).
   rPois:     It protects you from poison.
 U - a +6 arbalest
   (You took it off a minotaur in a Gauntlet)
Missiles
 m - 2 silver javelins
 v - 4 curare-tipped darts
 Z - a throwing net
Armour
 d - a +4 barding of cold resistance (worn)
   (You acquired it on level 2 of the Dungeon)
 q - a +0 cloak (worn)
   (You took it off Crazy Yiuf on level 6 of the Dungeon)
 w - a +1 pair of gloves (worn)
   (You found it on level 2 of the Lair of Beasts)
 x - a +0 troll leather armour
   (You found it on level 11 of the Dungeon)
 C - the +3 kite shield of the Dragonfruit (worn) {rElec}
   (Okawaru gifted it to you on level 2 of the Lair of Beasts)

   rElec:     It insulates you from electricity.
 G - the +1 helmet of Dogma (worn) {Int+3 Dex+3}
   (You found it on level 7 of a ziggurat)

   Int:       It affects your intelligence (+3).
   Dex:       It affects your dexterity (+3).
 N - +0 swamp dragon scales (worn)
   (You found it on level 1 of the Swamp)
Jewellery
 c - a ring of protection from cold
   (You found it on level 3 of the Lair of Beasts)
 f - a ring of protection from fire
   (You found it on level 5 of the Dungeon)
 h - a +6 ring of intelligence
   (You found it on level 6 of a ziggurat)
 s - a ring of see invisible
   (You took it off a hobgoblin on level 3 of the Dungeon)
 u - a ring of protection from fire
   (You found it on level 15 of the Dungeon)
 E - the ring of Qet Noil (left hand) {Drain rF+ rN+++ SInv Stlth+}
   (You found it on level 3 of the Lair of Beasts)

   [ring of protection from fire]

   rF:        It protects you from fire.
   rN:        It renders you almost immune to negative energy.
   SInv:      It lets you see invisible.
   Drain:     It drains your maximum health when unequipped.
   Stlth:     It makes you more stealthy.
 P - the ring of Buext (right hand) {rF+ Will+ Int-3 Slay+3 SInv}
   (You found it in a Gauntlet)

   [ring of protection from fire]

   Int:       It affects your intelligence (-3).
   Slay:      It affects your accuracy & damage with ranged weapons and melee
   (+3).
   rF:        It protects you from fire.
   SInv:      It lets you see invisible.
   Will:      It increases your willpower.
 S - an amulet of faith (around neck)
   (You found it on level 2 of the Snake Pit)
Wands
 o - a wand of mindburst (66)
   (You found it on level 6 of the Dungeon)
 D - a wand of digging (5)
   (You found it on level 4 of the Lair of Beasts)
 I - a wand of iceblast (34)
   (You found it on level 3 of the Dungeon)
 L - a wand of light (4)
   (You took it off Crazy Yiuf on level 6 of the Dungeon)
 X - a wand of polymorph (5)
   (You found it on level 12 of the Dungeon)
Scrolls
 b - 5 scrolls of immolation
 e - a scroll of poison
 i - 9 scrolls of fog
 t - 4 scrolls of enchant armour
 B - 4 scrolls of blinking
 F - a scroll of fear
 M - a scroll of magic mapping
 R - 11 scrolls of identify {@r1}
 T - 3 scrolls of teleportation
 V - a scroll of acquirement
 Y - 4 scrolls of silence
Potions
 g - 10 potions of attraction
 j - 8 potions of flight
 k - 3 potions of invisibility
 n - a potion of cancellation
 p - 10 potions of lignification
 y - 2 potions of degeneration
 z - 3 potions of berserk rage
 A - 4 potions of might
 H - 5 potions of haste
 J - 3 potions of resistance
 K - 3 potions of magic
 O - 2 potions of ambrosia
 Q - 21 potions of curing {@q1}
 W - 5 potions of mutation {!q}
Miscellaneous
 r - a condenser vane (inert)
   (You found it on level 15 of the Dungeon)


   Skills:
 + Level 14.0 Fighting
 * Level 17.7 Ranged Weapons
 + Level 17.8 Armour
 + Level 12.0 Dodging
 - Level 1.1 Stealth
 + Level 17.2 Shields
 + Level 10.3 Invocations
 - Level 6.0 Evocations


You had 19 spell levels left.
You didn't know any spells.
Your spell library contained the following spells:

 Spells                   Type           Power      Damage    Failure   Level
 Beastly Appendage        Tmut           0%         N/A       50%         1
 Kiss of Death            Conj/Necr      0%         2d5       50%         1
 Magic Dart               Conj           0%         1d3       50%         1
 Slow                     Hex            0%         N/A       50%         1
 Lesser Beckoning         Tloc           0%         N/A       63%         2
 Wereblood                Tmut           0%         N/A       63%         2
 Confusing Touch          Hex            0%         N/A       86%         3
 Dazzling Flash           Conj/Hex       0%         N/A       86%         3
 Frozen Ramparts          Ice            0%         1d1       86%         3
 Gell's Gravitas          Tloc           0%         N/A       86%         3
 Inner Flame              Hex/Fire       0%         N/A       86%         3
 Mephitic Cloud           Conj/Pois/Air  0%         N/A       86%         3
 Ozocubu's Armour         Ice            0%         N/A       86%         3
 Spider Form              Tmut/Pois      0%         N/A       86%         3
 Stone Arrow              Conj/Erth      0%         3d7       86%         3
 Teleport Other           Tloc           0%         N/A       86%         3
 Vampiric Draining        Necr           0%         2d6       86%         3
 Vhi's Electric Charge    Tloc/Air       0%         N/A       86%         3
 Volatile Blastmotes      Fire/Tloc      0%         2d10      86%         3
 Dispel Undead            Necr           0%         3d6       99%         4
 Fulminant Prism          Conj/Hex       0%         3d5       99%         4
 Ice Form                 Ice/Tmut       0%         N/A       99%         4
 Iskenderun's Mystic Bla  Conj/Tloc      0%         2d3       99%         4
 Passage of Golubria      Tloc           0%         N/A       99%         4
 Arcjolt                  Conj/Air       0%         1d10      100%        5
 Borgnjor's Vile Clutch   Necr/Erth      0%         N/A       100%        5
 Lee's Rapid Deconstruct  Erth           0%         3d4*      100%        5
 Metabolic Englaciation   Hex/Ice        0%         N/A       100%        5
 Silence                  Hex/Air        0%         N/A       100%        5
 Yara's Violent Unravell  Hex/Tmut       0%         3d3       100%        5
 Conjure Ball Lightning   Conj/Air       0%         3x3d6     100%        6
 Dispersal                Tloc           0%         N/A       100%        6
 Plasma Beam              Fire/Air       0%         2x1d11    100%        6
 Starburst                Conj/Fire      0%         6d3       100%        6
 Enfeeble                 Hex            0%         N/A       100%        7
 Ozocubu's Refrigeration  Ice            0%         4d7       100%        7
 Discord                  Hex            0%         N/A       100%        8
 Disjunction              Tloc           0%         N/A       100%        8
 Lehudib's Crystal Spear  Conj/Erth      0%         10d2      100%        8
 Polar Vortex             Ice            0%         N/A       100%        9
 Call Imp                 Summ           Unusable   N/A       N/A         2
 Animate Dead             Necr           Unusable   N/A       N/A         4
 Summon Ice Beast         Ice/Summ       Unusable   N/A       N/A         4
 Death Channel            Necr           Unusable   N/A       N/A         6
 Simulacrum               Ice/Necr       Unusable   N/A       N/A         6

Dungeon Overview and Level Annotations

Branches:
Dungeon (15/15)            Temple (1/1) D:5            Lair (5/5) D:9
  Swamp (4/4) Lair:3        Snake (4/4) Lair:2        Slime (0/5) Lair:5
    Orc (2/2) D:10            Elf (0/3) Orc:2        Vaults (3/5) D:13
 Depths (2/4) D:15          Sewer (visited)         Gauntlet (visited)
  Crypt: Vaults:2-3

Altars:
Ashenzari
Dithmenos
Elyvilon
Fedhas
Hepliaklqana
Nemelex Xobeh
Okawaru
Qazlal
Sif Muna
Trog
Wu Jian
Xom
Yredelemnul
The Shining One
Jiyva

Shops:
D:1 [   D:5 *   D:9 (   D:10 (   D:14 (   Orc:2 !*:=(   Snake:3 :=:
Vaults:1 [!=

Portals:
Hell: Depths:2

Annotations:
Lair:2 3 runed translucent doors, Zapai's ghost, journeyman DgAr
Lair:3 1 exclusion, Sonja
Orc:2 1 runed translucent door, dontdoit's ghost, journeyman HOMo
Vaults:3 Zenata


Innate Abilities, Weirdness & Mutations

You are completely covered in rugged brown scales. (AC +3, +7% HP)
Armour fits poorly on your strangely shaped body.
You have a long armoured tail.
You roll when moving toward enemies. (Rampage)
Your long tongue fully drains potion bottles. (2x potion effects)
Your tongue gives you trouble enunciating. (1.5x scroll delay)
Your mind is very acute. (Int +8, Str/Dex -2)
You have a considerably increased reservoir of magic. (+20% MP)
You are weak. (Str -2)


Message History

The bolt burns the ancient lich.
The ancient lich is almost destroyed.
You block the dread lich's attack. You block the Executioner's attack.
The Executioner closely misses you. The Executioner barely misses you.
The ancient lich touches you but does no damage.
The phantasmal warrior hits you but does no damage.
The ironbound convoker gestures at the orc knight while chanting.
The orc knight seems to grow stronger.
The ironbound preserver hits you with a +0 great mace!
* * * LOW HITPOINT WARNING * * *
Blink to where?
Press: ? - help, Dir - move target, p - ancient lich
Found six items.
Found two gates leading back out of this place.
Found a stone staircase leading down.
As you slowly read the scroll of blinking, it crumbles to dust.
The orc knight shoots a bolt.
You block the bolt.
Okay, then.
Unknown command.
Unknown command.
Aiming: Bolt of Light
Press: ? - help, Shift-Dir - straight line, f - ancient lich
Aim: an ancient lich (almost destroyed, fast, strong, sheltered from injuries, 74% to hit)
The bolt of light misses the Executioner.
The bolt of light misses the ancient lich.
Fire: a) +6 hand crossbow (flame)
Press: ? - help, Q - select action, (/) - cycle Shift-Dir - straight line, f/p - ancient lich
Aim: an ancient lich (almost destroyed, fast, strong, sheltered from injuries, 79% to hit)
You shoot a bolt. The bolt hits the ancient lich!!
You destroy the ancient lich!
Okawaru is honoured by your kill.
The Executioner gestures.
The Executioner seems to speed up.
The phantasmal warrior gestures at you.
The phantasmal warrior blinks!
Aiming: Bolt of Light
Press: ? - help, Shift-Dir - straight line, f - dread lich
Aim: a dread lich (lightly damaged, fast, slightly transparent, 74% to hit)
The bolt of light hits the dread lich.
The dread lich is lightly damaged.
The dread lich is blinded.
The bolt of light hits the dread lich!!
The dread lich is moderately damaged.
The dread lich is blinded.
The bolt of light misses the orc knight.
The bolt of light hits the lorocyproca.
The lorocyproca is lightly wounded.
The lorocyproca is blinded.
Fire: a) +6 hand crossbow (flame)
Press: ? - help, Q - select action, (/) - cycle Shift-Dir - straight line, f - Executioner, p - dread lich
Aim: an Executioner (summoned, fast, strong, sheltered from injuries, 70% to hit)
You shoot a bolt. The bolt hits the dread lich!
The bolt burns the dread lich.
The dread lich is moderately damaged.
You block the Executioner's attack. The Executioner closely misses you.
The Executioner hits you but does no damage.
The orc knight shoots a bolt.
The bolt closely misses the dread lich.
The bolt barely misses you.
Fire: a) +6 hand crossbow (flame)
Press: ? - help, Q - select action, (/) - cycle Shift-Dir - straight line, f/p - Executioner
Aim: an Executioner (summoned, fast, strong, sheltered from injuries, 70% to hit)
You shoot a bolt. The bolt barely misses the Executioner.
The Executioner hits you!!
* * * LOW HITPOINT WARNING * * *
You block the Executioner's attack. x2; The dread lich barely misses you.
You block the dread lich's attack. You block the Executioner's attack.
The Executioner hits you.
* * * LOW HITPOINT WARNING * * *
The Executioner closely misses you.
The phantasmal warrior closely misses you.
The orc knight shoots a bolt.
The bolt closely misses the dread lich.
The bolt closely misses you.
Okay, then.
As you slowly read the scroll of teleportation, it crumbles to dust.
You feel strangely unstable.
The dread lich is no longer blind.
The Executioner hits you!
* * * LOW HITPOINT WARNING * * *
The Executioner hits you but does no damage. x2
The Executioner barely misses you.
The Executioner hits you but does no damage.
The Executioner hits you.
* * * LOW HITPOINT WARNING * * *
The dread lich touches you!
* * * LOW HITPOINT WARNING * * *
The dread lich points at you and mumbles some strange words.
You suddenly lose the ability to move!
The Executioner hits you!!
* * * LOW HITPOINT WARNING * * *
The Executioner hits you but does no damage. x2
The dread lich points at you and mumbles some strange words.
You resist with significant effort.
The dread lich touches you but does no damage.
The Executioner hits you but does no damage. x3
The phantasmal warrior hits you!
* * * LOW HITPOINT WARNING * * *
The deep elf annihilator gestures wildly while chanting.
The deep elf annihilator blinks!
The orc knight shoots a bolt.
The bolt hits the dread lich!!
The dread lich touches you but does no damage. x2
The dread lich is no longer blind.
The Executioner hits you.
* * * LOW HITPOINT WARNING * * *
The Executioner hits you!
You die...

▓.........▓
▓.........▓
▓▓▓▓▓.........▓▓▓▓▓
▓.................▓
▓)/...............▓
▓)$/2.............▓
▓∩?WL.............▓
▓>(@Lpp.§........∩▓
▓∩!?1.o2..........▓
▓/=|.......p......▓
▓.................▓
▓.................▓
▓▓▓▓▓.........▓▓▓▓▓
▓.........▓
▓.........▓
▓▓▓▓▓▓▓▓▓▓▓


You could see an ironbound preserver (strong), 2 dread liches, 2 lorocyprocas,
an orc knight (strong, sheltered), an Executioner (summoned, fast, strong,
sheltered), a phantasmal warrior and an ironbound convoker.

Vanquished Creatures
  An ancient lich (Zig:8)
  Mara (Swamp:4)
  A shard shrike (Zig:5)
  A tentacled monstrosity (Zig:1)
  Jorgrun (Swamp:1)
  A searing wretch (Zig:2)
  A titan (Zig:7)
  An ancient champion (Vaults:3)
  A sphinx (Zig:7)
  6 thorn hunters
  Gastronok (Lair:2)
  A revenant (Vaults:3)
  A fire giant (Vaults:2)
  5 nagarajas (Snake:4)
  4 fenstrider witches (Swamp:4)
  8 vault wardens
  Aizul (Snake:1)
  A ghost moth (Zig:3)
  5 ghouls
  A stone giant (Depths:1)
  An orc warlord (Orc:2)
  13 ironbound preservers
  A reaper (Swamp:4)
  A very ugly thing (Vaults:1)
  A war gargoyle (Vaults:2)
  Nessos (D:12)
  4 ironbound thunderhulks
  9 eleionomae
  A vampire knight (Depths:2)
  26 dire elephants
  5 bunyips
  A minotaur (Gauntlet)
  Azrael (Orc:1)
  A blizzard demon (Swamp:4)
  A crystal guardian (Vaults:2)
  An ettin (Vaults:2)
  5 yaktaur captains
  5 shambling mangroves
  2 deep elf high priests
  A vault guard (Vaults:1)
  3 salamander tyrants
  A great orb of eyes (Vaults:2)
  A spriggan air mage (Swamp:4)
  A catoblepas (Lair:5)
  8 hydras
  An ice dragon (Depths:2)
  A peacekeeper (Vaults:2)
  4 centaur warriors
  11 ghost crabs
  3 ogre magi
  15 alligators
  6 ironbound frosthearts
  2 dancing weapons (D:13)
  A death knight (D:15)
  11 two-headed ogres
  10 anacondas
  A boulder beetle (D:13)
  14 naga warriors
  A vampire mage (Vaults:3)
  6 naga sharpshooters
  4 shock serpents
  5 death yaks (Lair:5)
  A deep troll shaman (Lair:5)
  2 orc high priests (Orc:2)
  Urug (D:13)
  2 soul eaters (Swamp:4)
  Nergalle (Orc:1)
  2 salamander mystics (Snake:4)
  6 goliath frogs
  2 sixfirhies (Swamp:4)
  7 skeletal warriors
  43 deep trolls
  A flayed ghost (Depths:2)
  9 swamp dragons
  11 bog bodies
  8 spriggan druids
  5 naga ritualists
  An orb spider (Zig:3)
  7 wizards
  A lindwurm (Lair:5)
  5 orc knights
  4 deep elf pyromancers
  7 ironbound convokers
  A phantasmal warrior (Vaults:3)
  23 ugly things
  3 mana vipers
  6 manticores
  2 necromancers
  8 spectral spriggans (Swamp:3)
  A salamander (shapeshifter) (D:14)
  2 oklob plants
  4 orc sorcerers
  A fire giant skeleton (Vaults:1)
  10 will-o-the-wisps
  8 salamanders
  19 elephants
  Maurice (D:12)
  A torpor snail (Zig:3)
  11 guardian serpents
  10 vault sentinels
  2 centaur zombies (D:15)
  14 cane toads
  40 black mambas
  A centaur skeleton (D:15)
  18 naga magi
  A gargoyle (D:13)
  An orange demon (Swamp:4)
  2 rime drakes (Lair:1)
  2 unseen horrors
  A kobold demonologist (D:12)
  16 komodo dragons
  2 freezing wraiths (Swamp:3)
  20 yaktaurs
  An efreet (D:14)
  2 tormentors
  2 hellwings (Swamp:4)
  3 bloated husks
  7 trolls
  A tarantella (shapeshifter) (Vaults:2)
  9 tyrant leeches
  4 polar bears
  11 blink frogs
  16 dream sheep
  13 hornets
  An ettin zombie (Vaults:1)
  A jumping spider (Zig:3)
  A deep troll zombie (Vaults:1)
  2 vampires
  A shadow (D:8)
  15 slime creatures
  6 wraiths
  7 spriggans
  4 wyverns
  3 fire elementals (Orc:1)
  12 vampire mosquitoes
  59 yaks
  3 basilisks
  3 chaos spawn (Swamp:4)
  22 swamp worms
  40 nagas
  6 wargs
  Edmund (D:6)
  6 acid dragons
  13 water moccasins
  A swamp drake (Swamp:4)
  A hell hound (Orc:1)
  An ice beast (D:7)
  44 orc warriors
  2 black bears (Lair:5)
  2 sky beasts (D:8)
  11 ogres
  A tengu (shapeshifter) (Vaults:2)
  19 wolves
  22 centaurs
  5 boggarts
  A phantom (D:5)
  A human zombie (Vaults:1)
  5 kobold brigands
  11 bullfrogs
  A gnoll sergeant (D:9)
  3 scorpions
  4 wights
  10 killer bees (D:8)
  2 electric eels (D:9)
  6 howler monkeys
  2 lava snakes (Lair:2)
  4 hounds
  A gnoll bouda (Orc:2)
  4 jellies
  18 orc priests
  Crazy Yiuf (D:6)
  5 sleepcaps
  6 iguanas
  18 orc wizards
  5 gnolls
  3 river rats (Sewer)
  3 adders
  2 worms
  2 dart slugs
  70 orcs
  5 bats
  6 endoplasms
  9 giant cockroaches
  11 hobgoblins
  8 jackals
  28 kobolds
  4 quokkas
  6 ball pythons
  2 frilled lizards
  5 goblins
  7 rats
  A briar patch (Swamp:4)
1255 creatures vanquished.

Vanquished Creatures (others)
  An ogre mage (Swamp:4)
  A wizard (Vaults:1)
  A will-o-the-wisp (Zig:6)
  A vault sentinel (Vaults:2)
  2 bloated husks
  2 hornets (Zig:6)
  A vampire mosquito (Swamp:1)
  4 orcs
  2 briar patches (Swamp:4)
  36 foxfires
  42 fungi
  89 plants
182 creatures vanquished.

Grand Total: 1437 creatures vanquished

Notes
Turn   | Place    | Note
-------+----------+-------------------------------------------
     0 | D:1      | Dani the Armataur Hunter began the quest for the Orb.
     0 | D:1      | Reached XP level 1. HP: 18/18 MP: 1/1
    70 | D:1      | Reached skill level 3 in Ranged Weapons
    81 | D:1      | Reached XP level 2. HP: 20/25 MP: 2/2
   227 | D:1      | Found Liabloh's Antique Armour Boutique.
   317 | D:1      | Reached XP level 3. HP: 31/31 MP: 3/3
   656 | D:2      | Reached skill level 4 in Ranged Weapons
   821 | D:2      | Identified a scroll of acquirement
   821 | D:2      | Acquired a +2 barding of cold resistance
  1175 | D:2      | Reached XP level 4. HP: 38/38 MP: 4/4
  1360 | D:3      | Identified the +3 whip of the Big Bang {freeze, rPois}
  1380 | D:3      | Found a glowing drain.
  1398 | Sewer    | Entered a sewer
  1410 | Sewer    | Reached XP level 5. HP: 39/43 MP: 5/5
  1422 | Sewer    | Reached skill level 5 in Ranged Weapons
  1563 | Sewer    | Reached XP level 6. HP: 28/51 MP: 6/6
  1693 | Sewer    | Found a white marble altar of Elyvilon.
  2394 | D:4      | Reached skill level 6 in Ranged Weapons
  2621 | D:4      | Reached XP level 7. HP: 49/56 MP: 7/7
  2716 | D:4      | Gained mutation: You occasionally shout uncontrollably at
                  | your foes. [potion of mutation]
  2716 | D:4      | Gained mutation: You are occasionally teleported next to
                  | monsters. [potion of mutation]
  2716 | D:4      | Gained mutation: You are weak. (Str -2) [potion of
                  | mutation]
  2716 | D:4      | Gained mutation: Your mind is acute. (Int +4, Str/Dex -1)
                  | [potion of mutation]
  2716 | D:4      | Gained mutation: You have a pair of small horns on your
                  | head. [potion of mutation]
  3037 | D:5      | Entered Level 5 of the Dungeon
  3107 | D:5      | Found a shimmering blue altar of Sif Muna.
  3162 | D:5      | Found a stormy altar of Qazlal.
  3185 | D:5      | Found Hyelor's Assorted Antiques.
  3192 | D:5      | Found a staircase to the Ecumenical Temple.
  3193 | D:5      | Bought a scroll labelled OVUPRU GERESE for 22 gold pieces
  3193 | D:5      | Bought a fuming white potion for 19 gold pieces
  3193 | D:5      | Bought a potion of curing for 66 gold pieces
  3193 | D:5      | Bought a scroll of teleportation for 66 gold pieces
  3250 | Temple   | Entered the Ecumenical Temple
  3258 | Temple   | Became a worshipper of Warmaster Okawaru
  3309 | D:5      | Found a broken altar of Ashenzari.
  3352 | D:5      | HP: 12/56 [water moccasin (4)]
  3357 | D:5      | Reached skill level 7 in Ranged Weapons
  3357 | D:5      | HP: 10/56 [poisoned by a water moccasin]
  3362 | D:5      | HP: 6/56 [poisoned by a water moccasin]
  3726 | D:5      | Found a blossoming altar of Fedhas.
  3912 | D:6      | Noticed a wyvern
  3924 | D:6      | Killed a wyvern
  3924 | D:6      | Reached * piety under Okawaru
  3925 | D:6      | Reached skill level 2 in Fighting
  3925 | D:6      | Reached skill level 1 in Armour
  3925 | D:6      | Reached skill level 1 in Invocations
  3930 | D:6      | Noticed Edmund
  4040 | D:6      | Reached XP level 8. HP: 64/65 MP: 8/8
  4208 | D:6      | Killed Edmund
  4209 | D:6      | Reached skill level 2 in Armour
  4209 | D:6      | Reached skill level 2 in Dodging
  4279 | D:6      | Found a hazy altar of Hepliaklqana.
  4324 | D:6      | HP: 15/66 [orc warrior/+0 glaive (12)]
  4369 | D:6      | HP: 9/66 [orc warrior/+0 glaive (13)]
  4593 | D:6      | Reached skill level 2 in Invocations
  4595 | D:6      | Lost mutation: You are occasionally teleported next to
                  | monsters. [potion of mutation]
  4595 | D:6      | Lost mutation: You are weak. (Str -2) [potion of mutation]
  4595 | D:6      | Lost mutation: You occasionally shout uncontrollably at
                  | your foes. [potion of mutation]
  4595 | D:6      | Lost mutation: You have a pair of small horns on your head.
                  | [potion of mutation]
  4595 | D:6      | Lost mutation: Your mind is acute. (Int +4, Str/Dex -1)
                  | [potion of mutation]
  4595 | D:6      | Gained mutation: Your spells are a little harder to cast,
                  | but a little more powerful. [potion of mutation]
  4595 | D:6      | Gained mutation: You occasionally lose the ability to drink
                  | potions when taking damage. [potion of mutation]
  4595 | D:6      | Gained mutation: You are robust. (+10% HP) [potion of
                  | mutation]
  4595 | D:6      | Gained mutation: You sometimes lose your temper in combat.
                  | [potion of mutation]
  4595 | D:6      | Lost mutation: Your spells are a little harder to cast, but
                  | a little more powerful. [potion of mutation]
  4595 | D:6      | Gained mutation: You have very sharp teeth. [potion of
                  | mutation]
  4838 | D:6      | Lost mutation: You sometimes lose your temper in combat.
                  | [potion of mutation]
  4838 | D:6      | Lost mutation: You are robust. (+10% HP) [potion of
                  | mutation]
  4838 | D:6      | Lost mutation: You have very sharp teeth. [potion of
                  | mutation]
  4838 | D:6      | Lost mutation: You occasionally lose the ability to drink
                  | potions when taking damage. [potion of mutation]
  4838 | D:6      | Gained mutation: You sometimes lose your temper in combat.
                  | [potion of mutation]
  4838 | D:6      | Gained mutation: You expend magic power (3 MP) to
                  | strengthen your wands. [potion of mutation]
  4838 | D:6      | Gained mutation: You have a pair of small horns on your
                  | head. [potion of mutation]
  4839 | D:6      | Lost mutation: You expend magic power (3 MP) to strengthen
                  | your wands. [potion of mutation]
  4839 | D:6      | Lost mutation: You have a pair of small horns on your head.
                  | [potion of mutation]
  4839 | D:6      | Lost mutation: You sometimes lose your temper in combat.
                  | [potion of mutation]
  4839 | D:6      | Gained mutation: Your mind is acute. (Int +4, Str/Dex -1)
                  | [potion of mutation]
  4839 | D:6      | Gained mutation: You have an increased reservoir of magic.
                  | (+10% MP) [potion of mutation]
  4839 | D:6      | Gained mutation: You are weak. (Str -2) [potion of
                  | mutation]
  4839 | D:6      | Gained mutation: Your mind is very acute. (Int +8, Str/Dex
                  | -2) [potion of mutation]
  4839 | D:6      | Gained mutation: You have a considerably increased
                  | reservoir of magic. (+20% MP) [potion of mutation]
  4968 | D:6      | Found a runed translucent door.
  4969 | D:6      | Noticed Crazy Yiuf
  4979 | D:6      | Killed Crazy Yiuf
  5183 | D:7      | Reached skill level 3 in Fighting
  5183 | D:7      | Reached skill level 3 in Armour
  5436 | D:7      | Reached ** piety under Okawaru
  5437 | D:7      | Reached skill level 3 in Invocations
  5534 | D:7      | Reached skill level 8 in Ranged Weapons
  5633 | D:7      | Reached XP level 9. HP: 74/74 MP: 13/13
  5698 | D:7      | Found a shimmering altar of Xom.
  5700 | D:7      | Found a shimmering altar of Xom.
  5700 | D:7      | Found a shimmering altar of Xom.
  5701 | D:7      | Found a shimmering altar of Xom.
  5701 | D:7      | Found a shimmering altar of Xom.
  5702 | D:7      | Found a shimmering altar of Xom.
  5702 | D:7      | Found a shimmering altar of Xom.
  5702 | D:7      | Found a shimmering altar of Xom.
  5706 | D:7      | a slime creature changed into an eye of devastation
  5706 | D:7      | Noticed an eye of devastation (shapeshifter)
  5779 | D:7      | Noticed a shock serpent
  5782 | D:7      | a shapeshifter changed into a meliai
  5782 | D:7      | Noticed a meliai (shapeshifter)
  5783 | D:7      | Found a shimmering altar of Xom.
  5783 | D:7      | Noticed a two-headed ogre
  6083 | D:8      | Reached skill level 4 in Armour
  6083 | D:8      | Reached skill level 3 in Dodging
  6613 | D:8      | Reached *** piety under Okawaru
  6625 | D:8      | Reached skill level 4 in Fighting
  6625 | D:8      | HP: 17/75 [killer bee (2)]
  6630 | D:8      | HP: 13/75 [poisoned by a killer bee]
  6642 | D:8      | HP: 9/75 [killer bee (5)]
  6955 | D:8      | HP: 18/75 [poisoned by a killer bee]
  7164 | D:8      | Paralysed by a hornet for 1 turns
  7175 | D:8      | Paralysed by a hornet for 1 turns
  7177 | D:8      | Reached skill level 4 in Invocations
  7309 | D:8      | Noticed a two-headed ogre
  7319 | D:8      | Killed a two-headed ogre
  7320 | D:8      | Reached skill level 5 in Armour
  7344 | D:8      | Reached **** piety under Okawaru
  7575 | D:8      | Reached XP level 10. HP: 60/85 MP: 16/16
  7858 | D:9      | Found a staircase to the Lair.
  8092 | D:9      | Reached skill level 4 in Dodging
  8187 | D:9      | Reached skill level 9 in Ranged Weapons
  8221 | D:9      | Noticed a two-headed ogre
  8416 | D:8      | Reached skill level 5 in Fighting
  8416 | D:8      | Reached skill level 6 in Armour
  8416 | D:8      | Reached skill level 5 in Invocations
  8437 | D:8      | HP: 21/86 [yak (11)]
  8447 | D:8      | HP: 20/86 [yak (5)]
  8453 | D:8      | HP: 18/86 [yak (3)]
  8462 | D:7      | HP: 19/86 [yak (3)]
  8820 | D:9      | Noticed a two-headed ogre
  9371 | D:9      | Noticed a two-headed ogre
  9383 | D:9      | Killed a two-headed ogre
  9441 | D:9      | Killed a two-headed ogre
  9442 | D:9      | Reached skill level 7 in Armour
  9888 | D:9      | Killed a two-headed ogre
  9889 | D:9      | Reached skill level 6 in Invocations
  9889 | D:9      | Reached XP level 11. HP: 95/95 MP: 18/18
 10077 | D:9      | Found a bloodstained altar of Trog.
 10167 | D:9      | Found Porhiff's Antique Weapon Shop.
 10204 | D:10     | Entered Level 10 of the Dungeon
 10216 | D:9      | Reached skill level 5 in Dodging
 10357 | D:9      | Reached skill level 6 in Fighting
 10556 | D:9      | Reached skill level 10 in Ranged Weapons
 10736 | D:10     | Found Boucudot's Weapon Shop.
 10821 | D:10     | Reached ***** piety under Okawaru
 11135 | D:10     | Paralysed by a hornet for 1 turns
 11307 | D:10     | Received a gift from Okawaru
 11450 | D:10     | Found a staircase to the Orcish Mines.
 11812 | D:11     | Reached skill level 8 in Armour
 12367 | D:11     | Noticed a skeletal warrior
 12367 | D:11     | Noticed a skeletal warrior
 12367 | D:11     | Noticed a skeletal warrior
 12368 | D:11     | Noticed a skeletal warrior
 12414 | Lair:1   | Entered Level 1 of the Lair of Beasts
 12414 | Lair:1   | Noticed an oklob plant
 12429 | Lair:1   | Killed an oklob plant
 12461 | Lair:1   | Received a gift from Okawaru
 12480 | Lair:1   | Reached skill level 7 in Fighting
 12532 | Lair:1   | Reached skill level 6 in Dodging
 12596 | Lair:1   | Reached XP level 12. HP: 107/107 MP: 19/19
 12622 | Lair:1   | Reached skill level 9 in Armour
 13044 | Lair:1   | Reached skill level 11 in Ranged Weapons
 13785 | Lair:2   | Identified the +3 kite shield of the Dragonfruit {rElec}
                  | (Okawaru gifted it to you on level 2 of the Lair of Beasts)
 13785 | Lair:2   | Received a gift from Okawaru
 14006 | Lair:2   | Found a staircase to the Snake Pit.
 14154 | Lair:2   | Found a runed translucent gate.
 14154 | Lair:2   | Found a runed translucent gate.
 14154 | Lair:2   | Found a runed translucent gate.
 14160 | Lair:2   | Noticed Zapai's ghost (journeyman DgAr)
 14942 | Lair:3   | Found a staircase to the Swamp.
 14963 | Lair:3   | Noticed Gastronok
 15014 | Lair:2   | Killed Gastronok
 15051 | Lair:3   | Identified the ring of Qet Noil {Drain rF+ rN+++ SInv
                  | Stlth+}
 15115 | Lair:2   | Reached skill level 10 in Armour
 15399 | Lair:3   | Reached skill level 8 in Fighting
 15433 | Lair:3   | Identified the +9 falchion of Sohuob {venom, rC+++ Str+5
                  | Stlth+}
 15924 | Lair:3   | Noticed Sonja
 16484 | Lair:4   | Reached skill level 12 in Ranged Weapons
 16484 | Lair:4   | Reached skill level 7 in Dodging
 16631 | Lair:4   | Reached XP level 13. HP: 115/115 MP: 19/21
 17370 | Lair:5   | Entered Level 5 of the Lair of Beasts
 17472 | Lair:4   | HP: 27/115 [black mamba (6)]
 17565 | Lair:4   | Reached skill level 11 in Armour
 17725 | Lair:5   | Acquired 1215 gold pieces
 17889 | D:10     | Bought the +8 shortbow of the Golden God {flame, rPois
                  | Str+7 Int-5} for 851 gold pieces
 18072 | Lair:5   | Reached skill level 9 in Fighting
 18468 | Lair:5   | Received a gift from Okawaru
 18520 | Lair:5   | Reached skill level 13 in Ranged Weapons
 18557 | Lair:5   | Reached skill level 8 in Dodging
 18695 | Lair:5   | Reached skill level 12 in Armour
 18701 | Lair:5   | Reached XP level 14. HP: 91/126 MP: 22/22
 18811 | Lair:5   | Received a gift from Okawaru
 19114 | Lair:5   | Found a viscous altar of Jiyva.
 19114 | Lair:5   | Found a staircase to the Slime Pits.
 19544 | Lair:5   | Identified the +9 plate armour of Fur Cotz {Drain +Blink
                  | Str+3}
 19831 | D:11     | HP: 29/127 [skeletal warrior/+0 short sword (10)]
 20253 | D:12     | Found a gate leading to a gauntlet.
 20263 | Gauntlet | Entered a Gauntlet
 20263 | Gauntlet | Found a transporter.
 20270 | Gauntlet | Found a transporter.
 20272 | Gauntlet | Found a transporter.
 20283 | Gauntlet | Found a transporter.
 20286 | Gauntlet | Found a transporter.
 20295 | Gauntlet | Found a transporter.
 20311 | Gauntlet | Found a transporter.
 20322 | Gauntlet | Found a transporter.
 20328 | Gauntlet | Found a transporter.
 20339 | Gauntlet | Found a transporter.
 20346 | Gauntlet | Found a transporter.
 20369 | Gauntlet | Found a transporter.
 20371 | Gauntlet | Found a transporter.
 20429 | Gauntlet | Found a transporter.
 20542 | Gauntlet | Reached skill level 10 in Fighting
 20571 | Gauntlet | Identified the ring of Buext {rF+ Will+ Int-3 Slay+3 SInv}
 20610 | Gauntlet | Identified the +1 hat of Divine Compulsion {*Slow rC- rCorr
                  | Int+8}
 21340 | D:12     | Noticed Maurice
 21344 | D:12     | Killed Maurice
 21401 | D:12     | Noticed Nessos
 21413 | D:12     | Killed Nessos
 21759 | D:13     | Reached skill level 13 in Armour
 21759 | D:13     | Noticed Urug
 21771 | D:13     | Killed Urug
 21884 | D:13     | Identified the +1 robe "Raiv" {Harm Str+3 Dex+5 Stlth-}
                  | (Okawaru gifted it to you on level 13 of the Dungeon)
 21884 | D:13     | Received a gift from Okawaru
 21984 | D:13     | Reached skill level 14 in Ranged Weapons
 21995 | D:13     | Found a gate to the Vaults.
 22645 | D:14     | Found Plog's Antique Weapon Boutique.
 22708 | D:14     | Reached ****** piety under Okawaru
 23222 | Orc:1    | Entered Level 1 of the Orcish Mines
 23264 | Orc:1    | Noticed Nergalle
 23278 | Orc:1    | Killed Nergalle
 23279 | Orc:1    | Reached skill level 9 in Dodging
 23494 | Orc:2    | Entered Level 2 of the Orcish Mines
 23494 | Orc:2    | Noticed an orc warlord
 23511 | Orc:2    | Killed an orc warlord
 23583 | Orc:2    | Found a staircase to the Elven Halls.
 23589 | Orc:2    | Noticed Azrael
 23592 | Orc:2    | Reached XP level 15. HP: 128/136 MP: 23/23
 23615 | Orc:1    | Killed Azrael
 24514 | Orc:2    | Found Uqir's General Store.
 24514 | Orc:2    | Found Miah's Book Emporium.
 24516 | Orc:2    | Found Akhlaimaa's Jewellery Shoppe.
 24518 | Orc:2    | Found Huofuim's Distillery.
 24543 | Orc:2    | Bought a potion of curing for 36 gold pieces
 24543 | Orc:2    | Bought a potion of curing for 36 gold pieces
 24543 | Orc:2    | Bought a potion of curing for 36 gold pieces
 24543 | Orc:2    | Bought a potion of might for 48 gold pieces
 24543 | Orc:2    | Bought a potion of resistance for 120 gold pieces
 24543 | Orc:2    | Bought a potion of might for 48 gold pieces
 24543 | Orc:2    | Bought a potion of resistance for 120 gold pieces
 24543 | Orc:2    | Bought a potion of mutation for 96 gold pieces
 24551 | Orc:2    | Bought a scroll of poison for 52 gold pieces
 24605 | Orc:2    | Found Xyiber's Weapon Emporium.
 24619 | Orc:2    | Found a runed translucent door.
 24619 | Orc:2    | Noticed dontdoit's ghost (journeyman HOMo)
 25042 | D:14     | Bought a dazzling arbalest for 275 gold pieces
 25042 | D:14     | Identified the +2 arbalest of Conscience {freeze, rC+
                  | rCorr} (You bought it in a shop on level 14 of the Dungeon)
 25048 | D:15     | Entered Level 15 of the Dungeon
 25141 | D:15     | Received a gift from Okawaru
 25142 | D:15     | Reached skill level 11 in Fighting
 25355 | D:15     | Reached skill level 14 in Armour
 25465 | D:15     | Reached skill level 1 in Evocations
 25727 | D:15     | Reached skill level 2 in Evocations
 25755 | D:15     | Found a staircase to the Depths.
 26038 | Snake:1  | Entered Level 1 of the Snake Pit
 26047 | Snake:1  | Received a gift from Okawaru
 26137 | Snake:1  | Identified the +2 war axe "Picloe Ytihe" {vamp, Stlth+}
 26301 | Snake:1  | Reached skill level 3 in Evocations
 26445 | Snake:1  | Noticed Aizul
 26465 | Snake:1  | Reached skill level 15 in Ranged Weapons
 26479 | Snake:1  | Killed Aizul
 26755 | Snake:1  | Reached XP level 16. HP: 126/147 MP: 24/24
 27004 | Arena    | Entered the Arena
 27215 | Snake:2  | Reached skill level 4 in Evocations
 27237 | Snake:2  | Received a gift from Okawaru
 27665 | Snake:2  | Reached skill level 10 in Dodging
 28711 | Snake:3  | Found Petofiy's Book Emporium.
 28713 | Snake:3  | Found Maeckeqicw's Jewellery Shop.
 28714 | Snake:3  | Found Lerosm's Book Emporium.
 29196 | Snake:4  | Entered Level 4 of the Snake Pit
 29207 | Snake:4  | Reached skill level 15 in Armour
 29467 | Snake:4  | Reached skill level 5 in Evocations
 29768 | Snake:4  | Reached skill level 12 in Fighting
 30382 | Snake:3  | Received a gift from Okawaru
 30400 | Snake:3  | Bought a manual of Shields for 1600 gold pieces
 30778 | Swamp:1  | Entered Level 1 of the Swamp
 30778 | Swamp:1  | Noticed a thorn hunter
 30782 | Swamp:1  | Reached skill level 1 in Shields
 30795 | Lair:3   | Reached skill level 2 in Shields
 30806 | Swamp:1  | Killed a thorn hunter
 30807 | Swamp:1  | Reached skill level 3 in Shields
 30865 | Swamp:1  | Reached skill level 4 in Shields
 30978 | Swamp:1  | Reached skill level 5 in Shields
 31012 | Swamp:1  | Noticed Jorgrun
 31024 | Swamp:1  | Killed Jorgrun
 31025 | Swamp:1  | Reached skill level 6 in Shields
 31115 | Swamp:1  | Reached skill level 7 in Shields
 31187 | Swamp:1  | Reached skill level 8 in Shields
 31198 | Swamp:1  | Received a gift from Okawaru
 31565 | Swamp:2  | Reached skill level 9 in Shields
 31734 | Swamp:2  | Reached skill level 10 in Shields
 31734 | Swamp:2  | Reached XP level 17. HP: 137/156 MP: 25/25
 31911 | Swamp:2  | Reached skill level 11 in Shields
 31945 | Swamp:2  | HP: 35/156 [ghost crab] (5)]
 32271 | Swamp:2  | Reached skill level 12 in Shields
 32474 | Swamp:3  | Received a gift from Okawaru
 32525 | Swamp:3  | Reached skill level 13 in Shields
 32697 | Swamp:3  | HP: 39/156 [will-o-the-wisp/foxfire (5)]
 32702 | Swamp:3  | HP: 35/156 [swamp worm/harpoon shot (8)]
 32867 | Swamp:3  | Reached skill level 14 in Shields
 33141 | Swamp:3  | Reached skill level 15 in Shields
 33142 | Swamp:3  | Received a gift from Okawaru
 33372 | Swamp:3  | Identified the +11 executioner's axe of the Asp {holy,
                  | Str-4 Int+7 SInv}
 33674 | Swamp:3  | Identified the +6 crystal plate armour of Hiterokidgh
                  | {rPois rF- Dex+4} (Okawaru gifted it to you on level 3 of
                  | the Swamp)
 33674 | Swamp:3  | Received a gift from Okawaru
 33768 | Swamp:3  | Paralysed by a hornet for 3 turns
 34041 | Swamp:4  | Entered Level 4 of the Swamp
 34785 | Swamp:4  | Reached skill level 16 in Ranged Weapons
 34832 | Swamp:4  | HP: 19/157 [bunyip (26)]
 35265 | Swamp:4  | Noticed Mara
 35304 | Swamp:4  | Killed Mara
 35337 | Swamp:4  | Reached skill level 7 in Invocations
 35354 | Swamp:4  | Identified the +1 sling of Res Nullius {flame, rPois MP+9}
                  | (Okawaru gifted it to you on level 4 of the Swamp)
 35354 | Swamp:4  | Received a gift from Okawaru
 35382 | Swamp:4  | Reached XP level 18. HP: 132/165 MP: 27/27
 36027 | Swamp:4  | Reached skill level 16 in Armour
 36733 | Swamp:4  | Got a decaying rune of Zot
 37135 | Vaults:1 | Entered Level 1 of the Vaults
 37249 | Vaults:1 | HP: 39/166 [yaktaur/bolt[a vault warden] (9)]
 37781 | Vaults:1 | Reached skill level 11 in Dodging
 37928 | Vaults:1 | Received a gift from Okawaru
 38444 | Vaults:1 | Found Ahana Mumum's Antique Armour Emporium.
 38478 | Vaults:1 | Reached skill level 8 in Invocations
 38596 | Vaults:1 | Reached skill level 16 in Shields
 38612 | Vaults:1 | Reached skill level 13 in Fighting
 38801 | Vaults:1 | Found a transporter.
 38801 | Vaults:1 | Found Baynkol's Jewellery Shop.
 38842 | Vaults:1 | HP: 37/167 [deep troll[an ironbound preserver] (9)]
 39260 | Vaults:1 | Received a gift from Okawaru
 39269 | Vaults:1 | HP: 39/167 [dire elephant (13)]
 39270 | Arena    | Entered the Arena
 39287 | Vaults:1 | HP: 22/167 [dire elephant (11)]
 39886 | Vaults:1 | Found Fuuhom's Distillery.
 39894 | Vaults:1 | Bought a potion of ambrosia for 128 gold pieces
 39894 | Vaults:1 | Bought a potion of mutation for 128 gold pieces
 39947 | Vaults:1 | Reached XP level 19. HP: 134/174 MP: 30/30
 40643 | Vaults:1 | Found a transporter.
 40748 | Arena    | Entered the Arena
 40784 | Vaults:2 | Reached skill level 17 in Ranged Weapons
 41181 | Vaults:2 | Reached skill level 9 in Invocations
 41329 | Vaults:2 | Reached skill level 17 in Armour
 42164 | Vaults:2 | Reached skill level 6 in Evocations
 43124 | Vaults:3 | Identified the scarf of the Dragon {+Inv, Stlth+}
 43298 | Vaults:3 | Received a gift from Okawaru
 43413 | Vaults:3 | Received a gift from Okawaru
 43436 | Vaults:3 | HP: 41/176 [dire elephant (13)]
 44006 | Vaults:3 | Noticed Zenata
 44018 | Vaults:3 | HP: 17/176 [+1 heavy glaive[Zenata] (33)]
 44900 | Snake:4  | Identified the +1 barding "Ychoh" {rN+} (Okawaru gifted it
                  | to you on level 4 of the Snake Pit)
 44900 | Snake:4  | Received a gift from Okawaru
 44919 | Snake:4  | HP: 35/177 [salamander tyrant (20)]
 45424 | Snake:4  | Got a serpentine rune of Zot
 45741 | Snake:1  | Reached XP level 20. HP: 185/185 MP: 32/32
 45926 | Depths:1 | Entered Level 1 of the Depths
 46143 | Depths:2 | Found a one-way gateway to a ziggurat.
 46162 | Depths:2 | Found a gateway to Hell.
 46172 | Zig:1    | Entered Level 1 of a ziggurat
 46204 | Zig:2    | Entered Level 2 of a ziggurat
 46217 | Zig:2    | HP: 39/185 [searing wretch (14)]
 46220 | Zig:2    | Reached skill level 17 in Shields
 46536 | Zig:3    | Entered Level 3 of a ziggurat
 46543 | Zig:3    | Reached skill level 10 in Invocations
 46564 | Zig:3    | Identified the +2 great sword of Pioco {venom, rPois}
 46570 | Zig:4    | Entered Level 4 of a ziggurat
 46802 | Zig:5    | Entered Level 5 of a ziggurat
 46807 | Zig:5    | Noticed a shard shrike
 46813 | Zig:5    | Killed a shard shrike
 46814 | Zig:5    | Paralysed by a wendigo for 1 turns
 46815 | Zig:5    | HP: 45/185 [Ice Fiend/bolt of cold (10)]
 46819 | Zig:6    | Entered Level 6 of a ziggurat
 47425 | Zig:6    | Got the Guidebook on Tectonic Glamour
 47436 | Zig:7    | Entered Level 7 of a ziggurat
 47494 | Zig:7    | Reached skill level 12 in Dodging
 47500 | Zig:7    | Reached skill level 14 in Fighting
 47650 | Zig:7    | Identified the +1 helmet of Dogma {Int+3 Dex+3}
 47681 | Zig:8    | Entered Level 8 of a ziggurat
 47691 | Zig:8    | Noticed an ancient lich
 47691 | Zig:8    | Noticed a dread lich
 47691 | Zig:8    | Noticed a dread lich
 47692 | Zig:8    | Paralysed by a dread lich for 5 turns
 47716 | Zig:8    | Killed an ancient lich
 47720 | Zig:8    | HP: 41/186 [dread lich (11)]
 47720 | Zig:8    | Paralysed by a dread lich for 4 turns
 47720 | Zig:8    | HP: 12/186 [Executioner[a dread lich] (29)]
 47720 | Zig:8    | HP: 2/186 [phantasmal warrior (10)]
 47721 | Zig:8    | Mangled by an Executioner

Illustrated notes

Levels and vault maps discovered:
D:1:      matt_arrival_los_fun, layout_rooms, serial_shops, shop,
          supply_closet_lemuel
D:2:      layout_loops_ring, nicolae_titane
D:3:      layout_rooms, portal_sewer_entry_f, minmay_quadrilaterals
D:4:      layout_cave_pools
D:5:      layout_cave_pools, lemuel_tele_altar, grunt_temple_overflow_open,
          cheibrodos_ashenzari_chains, temple_statues, serial_shops, shop
D:6:      layout_loops_ring, lemuel_round_altar, uniq_crazy_yiuf_cottage,
          uniq_edmund
D:7:      layout_basic, xom_shifter_show
D:8:      layout_basic
D:9:      layout_rooms, overflow_temple_1_default, dpeg_oklobed_lair,
          serial_shops, shop, serial_bayou_ford_a, nrook_campfire
D:10:     layout_irregular_city, orc_0_dummy, nicolae_twisting_strands,
          st_stairs_13, nicolae_stop_n_shop_2, minmay_between
D:11:     layout_loops_ring
D:12:     layout_roguey, gauntlet_entry_generic, uniq_maurice, uniq_nessos
D:13:     layout_loops_ring, erik_vaults_1, grunt_decor_mini_mirrors, uniq_urug
D:14:     layout_layer_cave, serial_shops,
          nicolae_shop_temple_entry_statues_fountains
D:15:     grunt_enter_depths_magical_seal, layout_rooms, serial_bayou_shore_a
Temple:   nicolae_temple_bog_church
Lair:1:   layout_loops_ring, serial_forest, infiniplex_forest_side_room,
          infiniplex_forest_clump_C, infiniplex_forest_clump_diagonal,
          infiniplex_forest_clump_double, infiniplex_forest_clump_medium,
          infiniplex_forest_straight_3, infiniplex_forest_clump_C,
          dpeg_stationary_puzzle
Lair:2:   beast_lair_carwin_large_3, layout_long_grid,
          nicolae_snake_entry_warm_welcome, gammafunk_ghost_necromancy,
          cheibrodos_lair_lostbears, infiniplex_staircase_pool
Lair:3:   layout_cave_pods, skrybe_swamp_entry_bodies, serial_bayou_pond_e,
          uniq_sonja, uniq_gastronok
Lair:4:   layout_regular_city
Lair:5:   grunt_lair_end_beastmaster, layout_gridlike,
          dpeg_slime_entry_enclosed, lemuel_fruit_tree, grunt_megastairs_3
Swamp:1:  layout_basic_swamp, nicolae_swamp_trees_clearing, uniq_jorgrun
Swamp:2:  layout_basic_swamp, evilmike_swamp_ruin_house_4,
          nicolae_swamp_bean_lake
Swamp:3:  nicolae_swamp_flooded_prison, layout_basic_swamp,
          evilmike_swamp_ruin_house_1
Swamp:4:  nzn_swamp_witches_coven, layout_basic_swamp, swamp_pool2, uniq_mara
Snake:1:  layout_misc_corridors, uniq_aizul
Snake:2:  layout_chambers, grunt_megastairs_4, nicolae_triple_integral
Snake:3:  layout_misc_corridors, grunt_megastairs_5, serial_bayou_shore_b,
          minmay_shop_grove
Snake:4:  snake_hunt, layout_layer_cave, st_stairs_10
Orc:1:    layout_caves, uniq_nergalle
Orc:2:    st_orc_rangers, layout_caves, serial_shops, nicolae_shop_mannequins,
          gammafunk_ghost_grave, minmay_orc_temple_c, uniq_azrael
Vaults:1: ontoclasm_vaults_ring_square, grunt_vaults_focal,
          dpeg_vaults_monster_box, nicolae_vaults_display_case,
          nicolae_vaults_trapezoid_layered, nicolae_vaults_lightning_bolt,
          hangedman_vaults_corner, hangedman_vaults_hat,
          nicolae_vaults_trapezoid_lopsided_4, hangedman_vaults_maws,
          ontoclasm_vaults_decontamination, layout_vaults_big_room,
          serial_shops, nicolae_shop_tiny_glass,
          nicolae_shop_tiny_real_fake_doors, nicolae_shop_drivethru
Vaults:2: nicolae_vaults_meiosis, v_misc_29, vaults_mumra_chevron_long,
          nicolae_vaults_halls_meeting, nicolae_vaults_double_plus_3,
          vaults_standard_mumra_lines, vaults_standard_mumra_x, v_misc_11,
          ontoclasm_vaults_eye, nicolae_vaults_little_ls, layout_vaults_omnibox
Vaults:3: vaults_mumra_chevron, minmay_crypt_entry_simple_round,
          nicolae_vaults_double_plus_2, st_spiral_rooms, vaults_room_pools,
          nicolae_vaults_hexular_roomagon, nicolae_vaults_door_testing_chamber,
          nicolae_vaults_apartment_1, v_misc_15, v_misc_23,
          nicolae_vaults_diamond_2, nicolae_vaults_double_plus_2, v_misc_17,
          vaults_dpeg_hooks, layout_vaults_omnicross, serial_shops, shop,
          uniq_zenata
Depths:1: layout_roguey, minmay_misc_feat_columns, serial_shops, bzr_entry_safe,
          lightli_too_deep, hangedman_abyss_or_decor_jellyfish_corner,
          hangedman_eye_storm
Depths:2: hangedman_stitches_corridor, layout_cave_pools, enter_ziggurat_e,
          rand_demon_pan_entry_4, hell_entry, mu_enter_wizlab_6, minmay_holes,
          infiniplex_staircase_zigzag_3
Zig:8

Skill      XL: |  1  2  3  4  5  6  7  8  9 10 11 12 13 14 15 16 17 18 19 20 |
---------------+-------------------------------------------------------------+-----
Ranged Weapons | 3 4 5 6 7 8 9 10 12 13 14 15 16 17 | 17.7
Fighting       | 2 3 4 5 7 8 9 10 11 12 13 14 | 14.0
Armour         | 1 3 5 7 8 10 12 13 14 15 16 17 | 17.8
Invocations    | 1 3 4 6 7 8 9 10 | 10.3
Dodging        | 2 3 4 6 7 8 9 10 11 12 | 12.0
Evocations     | 3 5 6 |  6.0
Shields        | 10 15 16 17 | 17.2
Stealth        | |  1.1

Action                     |  1- 3 |  4- 6 |  7- 9 | 10-12 | 13-15 | 16-18 | 19-21 || total
---------------------------+-------+-------+-------+-------+-------+-------+-------++-------
   Fire: Shortbow          |   101 |   190 |   384 |  1076 |  1791 |  1212 |       ||  4754
         Hand crossbow     |       |       |       |       |       |   855 |   882 ||  1737
 Invoke: Heroism           |       |       |     3 |    16 |    20 |    27 |    20 ||    86
         Finesse           |       |       |       |       |     4 |     4 |     4 ||    12
         Duel              |       |       |       |       |       |     2 |     1 ||     3
  Evoke: Condenser vane    |       |       |       |       |       |     1 |     3 ||     4
         Wand              |       |       |       |       |       |       |     3 ||     3
    Use: Scroll            |     4 |     4 |     9 |    12 |     9 |    14 |    12 ||    64
         Potion            |       |     2 |     6 |       |     2 |     6 |     7 ||    23
 Armour: Leather armour    |    36 |   106 |   145 |    97 |       |       |       ||   384
         Troll leather arm |       |       |       |   190 |   588 |   393 |       ||  1171
         Acid dragon scale |       |       |       |    54 |       |       |       ||    54
         Swamp dragon scal |       |       |       |       |       |   261 |   290 ||   551
  Dodge: Dodged            |    33 |    51 |   137 |   443 |   677 |   593 |   268 ||  2202
  Block: Kite shield       |       |       |       |       |       |   565 |   610 ||  1175

Levels and vault maps discovered:
D:1:      matt_arrival_los_fun, layout_rooms, serial_shops, shop,
          supply_closet_lemuel
D:2:      layout_loops_ring, nicolae_titane
D:3:      layout_rooms, portal_sewer_entry_f, minmay_quadrilaterals
D:4:      layout_cave_pools
D:5:      layout_cave_pools, lemuel_tele_altar, grunt_temple_overflow_open,
          cheibrodos_ashenzari_chains, temple_statues, serial_shops, shop
D:6:      layout_loops_ring, lemuel_round_altar, uniq_crazy_yiuf_cottage,
          uniq_edmund
D:7:      layout_basic, xom_shifter_show
D:8:      layout_basic
D:9:      layout_rooms, overflow_temple_1_default, dpeg_oklobed_lair,
          serial_shops, shop, serial_bayou_ford_a, nrook_campfire
D:10:     layout_irregular_city, orc_0_dummy, nicolae_twisting_strands,
          st_stairs_13, nicolae_stop_n_shop_2, minmay_between
D:11:     layout_loops_ring
D:12:     layout_roguey, gauntlet_entry_generic, uniq_maurice, uniq_nessos
D:13:     layout_loops_ring, erik_vaults_1, grunt_decor_mini_mirrors, uniq_urug
D:14:     layout_layer_cave, serial_shops,
          nicolae_shop_temple_entry_statues_fountains
D:15:     grunt_enter_depths_magical_seal, layout_rooms, serial_bayou_shore_a
Temple:   nicolae_temple_bog_church
Lair:1:   layout_loops_ring, serial_forest, infiniplex_forest_side_room,
          infiniplex_forest_clump_C, infiniplex_forest_clump_diagonal,
          infiniplex_forest_clump_double, infiniplex_forest_clump_medium,
          infiniplex_forest_straight_3, infiniplex_forest_clump_C,
          dpeg_stationary_puzzle
Lair:2:   beast_lair_carwin_large_3, layout_long_grid,
          nicolae_snake_entry_warm_welcome, gammafunk_ghost_necromancy,
          cheibrodos_lair_lostbears, infiniplex_staircase_pool
Lair:3:   layout_cave_pods, skrybe_swamp_entry_bodies, serial_bayou_pond_e,
          uniq_sonja, uniq_gastronok
Lair:4:   layout_regular_city
Lair:5:   grunt_lair_end_beastmaster, layout_gridlike,
          dpeg_slime_entry_enclosed, lemuel_fruit_tree, grunt_megastairs_3
Swamp:1:  layout_basic_swamp, nicolae_swamp_trees_clearing, uniq_jorgrun
Swamp:2:  layout_basic_swamp, evilmike_swamp_ruin_house_4,
          nicolae_swamp_bean_lake
Swamp:3:  nicolae_swamp_flooded_prison, layout_basic_swamp,
          evilmike_swamp_ruin_house_1
Swamp:4:  nzn_swamp_witches_coven, layout_basic_swamp, swamp_pool2, uniq_mara
Snake:1:  layout_misc_corridors, uniq_aizul
Snake:2:  layout_chambers, grunt_megastairs_4, nicolae_triple_integral
Snake:3:  layout_misc_corridors, grunt_megastairs_5, serial_bayou_shore_b,
          minmay_shop_grove
Snake:4:  snake_hunt, layout_layer_cave, st_stairs_10
Orc:1:    layout_caves, uniq_nergalle
Orc:2:    st_orc_rangers, layout_caves, serial_shops, nicolae_shop_mannequins,
          gammafunk_ghost_grave, minmay_orc_temple_c, uniq_azrael
Vaults:1: ontoclasm_vaults_ring_square, grunt_vaults_focal,
          dpeg_vaults_monster_box, nicolae_vaults_display_case,
          nicolae_vaults_trapezoid_layered, nicolae_vaults_lightning_bolt,
          hangedman_vaults_corner, hangedman_vaults_hat,
          nicolae_vaults_trapezoid_lopsided_4, hangedman_vaults_maws,
          ontoclasm_vaults_decontamination, layout_vaults_big_room,
          serial_shops, nicolae_shop_tiny_glass,
          nicolae_shop_tiny_real_fake_doors, nicolae_shop_drivethru
Vaults:2: nicolae_vaults_meiosis, v_misc_29, vaults_mumra_chevron_long,
          nicolae_vaults_halls_meeting, nicolae_vaults_double_plus_3,
          vaults_standard_mumra_lines, vaults_standard_mumra_x, v_misc_11,
          ontoclasm_vaults_eye, nicolae_vaults_little_ls, layout_vaults_omnibox
Vaults:3: vaults_mumra_chevron, minmay_crypt_entry_simple_round,
          nicolae_vaults_double_plus_2, st_spiral_rooms, vaults_room_pools,
          nicolae_vaults_hexular_roomagon, nicolae_vaults_door_testing_chamber,
          nicolae_vaults_apartment_1, v_misc_15, v_misc_23,
          nicolae_vaults_diamond_2, nicolae_vaults_double_plus_2, v_misc_17,
          vaults_dpeg_hooks, layout_vaults_omnicross, serial_shops, shop,
          uniq_zenata
Depths:1: layout_roguey, minmay_misc_feat_columns, serial_shops, bzr_entry_safe,
          lightli_too_deep, hangedman_abyss_or_decor_jellyfish_corner,
          hangedman_eye_storm
Depths:2: hangedman_stitches_corridor, layout_cave_pools, enter_ziggurat_e,
          rand_demon_pan_entry_4, hell_entry, mu_enter_wizlab_6, minmay_holes,
          infiniplex_staircase_zigzag_3
Zig:8

Table legend: (Time is in decaauts)
 A = Elapsed time spent in this place.
 B = Non-inter-level travel time spent in this place.
 C = Inter-level travel time spent in this place.
 D = Time resting spent in this place.
 E = Time spent auto-exploring this place.
 F = Levels seen in this place.
 G = Mean time per level.
                   A        B        C        D        E       F      G
               +--------+--------+--------+--------+--------+-----+--------+
         Total |  47566 |  43464 |   4102 |   3523 |  29785 |  49 |  970.7 |
       Dungeon |  17135 |  15333 |   1802 |    384 |  11993 |  15 | 1142.3 |
        Temple |     16 |      9 |      7 |      0 |      0 |   1 |   16.0 |
          Lair |   7523 |   6511 |   1012 |    130 |   4706 |   5 | 1504.6 |
         Swamp |   6075 |   5600 |    475 |    443 |   3537 |   4 | 1518.8 |
     Snake Pit |   5562 |   5074 |    488 |    372 |   3663 |   4 | 1390.5 |
  Orcish Mines |   1649 |   1542 |    107 |     72 |    960 |   2 |  824.5 |
        Vaults |   6816 |   6640 |    176 |   1152 |   3924 |   3 | 2272.0 |
        Depths |    249 |    217 |     32 |    106 |     34 |   2 |  124.5 |
      Ziggurat |   1536 |   1536 |      0 |    789 |    418 |   8 |  192.0 |
         Sewer |    426 |    426 |      0 |     32 |    224 |   1 |  426.0 |
      Gauntlet |    518 |    518 |      0 |      9 |    326 |   1 |  518.0 |
         Arena |     55 |     55 |      0 |     32 |      0 |   3 |   18.3 |
               +--------+--------+--------+--------+--------+-----+--------+

Top non-repeatable levels by time:
Vaults:1: 3137 daAuts
     D:8: 2945 daAuts
Vaults:2: 2525 daAuts
 Swamp:4: 2187 daAuts
 Swamp:3: 2136 daAuts
 Snake:4: 1991 daAuts
  Lair:2: 1917 daAuts
     D:9: 1707 daAuts
  Lair:5: 1660 daAuts
    D:13: 1527 daAuts
  Lair:3: 1477 daAuts
 Snake:2: 1436 daAuts
  Lair:4: 1422 daAuts
    D:11: 1325 daAuts
    D:10: 1214 daAuts

Table legend:
 A = Kills in this place as a percentage of kills in the entire game.
 B = Kills by you in this place as a percentage of kills by you in the entire game.
 C = Kills by friends in this place as a percentage of kills by friends in the entire game.
 D = Other kills in this place as a percentage of other kills in the entire game.
 E = Experience gained in this place as a percentage of experience gained in the entire game.
 F = Experience gained in this place divided by the number of levels of this place that you have seen.
                   A       B       C       D       E      F
               +-------+-------+-------+-------+-------+----------------------
         Total | 100.0 | 100.0 |   N/A | 100.0 | 100.0 | 10414.5
       Dungeon |  26.3 |  26.4 |   N/A |   0.0 |  12.1 | 4116.1
          Lair |  14.4 |  14.5 |   N/A |   0.0 |  10.7 | 10956.6
         Swamp |  14.4 |  14.4 |   N/A |  28.6 |  22.9 | 29181.5
     Snake Pit |  12.9 |  13.0 |   N/A |   0.0 |  16.2 | 20687.8
  Orcish Mines |  11.5 |  11.6 |   N/A |   0.0 |   3.3 | 8501.5
        Vaults |  15.2 |  15.1 |   N/A |  42.9 |  26.7 | 45381.7
        Depths |   0.3 |   0.3 |   N/A |   0.0 |   0.7 | 1870.0
      Ziggurat |   2.7 |   2.6 |   N/A |  28.6 |   6.2 | 3979.5
         Sewer |   1.1 |   1.1 |   N/A |   0.0 |   0.0 | 253.0
      Gauntlet |   0.8 |   0.8 |   N/A |   0.0 |   0.5 | 2733.0
         Arena |   0.2 |   0.2 |   N/A |   0.0 |   0.5 | 866.7
               +-------+-------+-------+-------+-------+----------------------
